 Dungeon Crawl Stone Soup version 0.32-a0-616-g9348d45 (webtiles) character file.

Game seed: 13253256849565139370

2713 ultrashaft the Grappler (level 9, -1/88 HPs)
             Began as a Troll Fighter on Mar 5, 2024.
             Was a Believer of Wu Jian.
             Slain by Amaemon
             ... wielding a -2 demon whip of venom
              (2 damage)
             ... on level 7 of the Dungeon.
             The game lasted 00:07:58 (6000 turns).

ultrashaft the Grappler (Troll Fighter)             Turns: 6000, Time: 00:07:58

Health: -1/88      AC:  9    Str: 26    XL:     9   Next: 39%
Magic:  8/8        EV: 10    Int:  4    God:    Wu Jian [**....]
Gold:   364        SH:  9    Dex: 13    Spells: 8/8 levels left

rFire   + .          .
                       - Unarmed
rCold   . . .        b - +0 kite shield
rNeg    . . .        w - +1 steam dragon scales
rPois   .            (helmet restricted)
rElec   .            i - +0 cloak
rCorr   .            (gloves unavailable)
SInv    .            (boots unavailable)
Will    .....        (no amulet)
Stlth   +            l - ring of flight
HPRegen 1.14/turn    t - ring of protection from fire
MPRegen 0.11/turn

%: no passive effects
@: lethally poisoned (-1 -> -33), flying
A: large, unfitting armour, claws 3, regeneration 1, shaggy fur 1, tough skin 1
a: Renounce Religion, Wall Jump


You were on level 7 of the Dungeon.
You worshipped Wu Jian.
Wu Jian was pleased with you.
You visited 1 branch of the dungeon, and saw 8 of its levels.

You collected 553 gold pieces.
You spent 189 gold pieces at shops.

Inventory:

Missiles
 y - 2 curare-tipped darts (quivered)
Armour
 b - a +0 kite shield (worn)
 i - a +0 cloak (worn)
 w - +1 steam dragon scales (worn)
Jewellery
 l - a ring of flight (left claw)
 t - a ring of protection from fire (right claw)
Wands
 q - a wand of polymorph (12)
 x - a wand of paralysis (11)
 A - a wand of quicksilver (7)
Scrolls
 a - a scroll of summoning {unknown}
 j - 3 scrolls of teleportation
 m - 2 scrolls of fear
 o - a scroll of acquirement
 p - 2 scrolls of enchant armour
 r - a scroll of noise {unknown}
 s - 3 scrolls of blinking
 u - a scroll of fog {unknown}
 C - a scroll of silence {unknown}
 F - a scroll of immolation {unknown}
Potions
 c - a potion of might
 d - 2 potions of magic
 e - 3 potions of heal wounds
 f - a potion of mutation
 g - a potion of haste
 h - 6 potions of curing
 k - 4 potions of lignification
 n - 3 potions of attraction
 v - a potion of berserk rage
 z - a potion of degeneration {unknown}
 B - a potion of resistance {unknown}
 D - a potion of brilliance {unknown}
 E - a potion of enlightenment {unknown}


   Skills:
 + Level 5.3 Fighting
 + Level 5.3 Dodging
 + Level 5.9 Shields
 * Level 8.5 Unarmed Combat


You had 8 spell levels left.
You didn't know any spells.
Your spell library contained the following spells:

 Spells                   Type           Power      Damage    Failure   Level
 Necrotise                Necr           0%         1d4       73%         1
 Martyr's Knell           Necr/Summ      0%         N/A       100%        4
 Death Channel            Necr           0%         N/A       100%        6
 Haunt                    Necr/Summ      0%         N/A       100%        7


Dungeon Overview and Level Annotations

Branches:
Dungeon (8/15)             Temple (0/1) D:4
   Lair: D:8-11

Altars:
Ashenzari
Gozag
Hepliaklqana
Sif Muna
Wu Jian
Xom
Zin

Shops:
D:1 [   D:3 ?*=

Portals:
Abyss: D:8

Annotations:
D:7 Amaemon
D:8 1 transporter, rotlqkf's ghost, journeyman VSMo


Innate Abilities, Weirdness & Mutations

You are too large for most types of armour.
You have claws for hands.
Your natural rate of healing is unusually fast.
You are covered in fur. (AC +1)
You have tough skin. (AC +1)


Message History

Amaemon hits you with a -2 demon whip of venom!
You are poisoned.
Amaemon claws you! You block Amaemon's attack.
You scratch Amaemon.
Amaemon is moderately wounded.
You feel very sick.
You block Amaemon's attack. x2; Amaemon tail-slaps you.
You mangle Amaemon!!
Amaemon is heavily wounded.
You feel sick.
Amaemon hits you with a -2 demon whip of venom.
You are more poisoned.
Amaemon closely misses you. Amaemon tail-slaps you.
You are more poisoned.
Amaemon poisons you!
An orange demon comes into view.
You scratch Amaemon.
Amaemon is heavily wounded.
You feel extremely sick. Amaemon barely misses you.
Amaemon claws you but does no damage. Amaemon closely misses you.
You feel extremely sick.
Amaemon hits you with a -2 demon whip of venom!
You are lethally poisoned!
You block Amaemon's attack. Amaemon barely misses you.
You fly upwards.
* * * LOW HITPOINT WARNING * * *
You feel extremely sick.
There is a stone staircase leading down here.
You mangle Amaemon!!
Amaemon is severely wounded.
* * * LOW HITPOINT WARNING * * *
You feel very sick.
Amaemon hits you with a -2 demon whip of venom!
* * * LOW HITPOINT WARNING * * *
You are more poisoned.
Amaemon claws you.
* * * LOW HITPOINT WARNING * * *
Amaemon tail-slaps you.
You die...

#........................
#.##################.....
#.# #..... #.# #..... #.#
###.#) #.# #.#. #.# #.#.
#.####################.#.
#.#....6@................
#.)........#.....#####.#.
###)######.#####.....#.##
#.# #....# #####.#.# #.#
##.### #.#.# #.# #.#
#...## #.# #.# ##...# #.#
#.# #((.# #.#
#.############...#


You could see Amaemon.

Vanquished Creatures
  A hornet (D:6)
  A steam dragon (D:8)
  3 black bears
  2 ice beasts
  2 ogres
  A phantom (D:4)
  2 kobold brigands
  4 bullfrogs
  A scorpion (D:5)
  3 wights (D:6)
  5 howler monkeys (D:7)
  A jelly (D:7)
  A bombardier beetle (D:3)
  A hound (D:6)
  6 orc priests
  A gnoll bouda (D:6)
  3 iguanas
  7 orc wizards
  Robin (D:4)
  9 gnolls
  11 adders
  2 shadow imps
  A ribbon worm (D:4)
  3 dart slugs
  23 orcs
  4 bats
  6 endoplasms
  4 giant cockroaches
  13 goblins
  8 hobgoblins
  6 quokkas
  7 ball pythons
  5 frilled lizards
  18 kobolds
  6 rats
172 creatures vanquished.

Notes
Turn   | Place    | Note
-------+----------+-------------------------------------------
     0 | D:1      | ultrashaft the Troll Fighter began the quest for the Orb.
     0 | D:1      | Reached XP level 1. HP: 22/22 MP: 0/0
   165 | D:1      | Reached XP level 2. HP: 29/29 MP: 1/1
   452 | D:1      | Found Luankahe's Antique Armour Boutique.
   857 | D:2      | Reached XP level 3. HP: 36/36 MP: 2/2
   899 | D:2      | Found a faded altar of an unknown god.
   932 | D:2      | Found a hazy altar of Hepliaklqana.
  1065 | D:2      | Reached skill level 3 in Unarmed Combat
  1114 | D:2      | Reached XP level 4. HP: 44/44 MP: 3/3
  1328 | D:3      | Found Rueseofy's Assorted Antiques.
  1490 | D:3      | Found Heock's Jewellery Shop.
  1762 | D:3      | Found Ofraofus's Magic Scroll Emporium.
  1765 | D:3      | Bought a scroll of identify for 28 gold pieces
  1770 | D:3      | Bought a scroll of identify for 28 gold pieces
  1770 | D:3      | Bought a scroll of identify for 28 gold pieces
  2049 | D:3      | Found a glowing silver altar of Zin.
  2111 | D:3      | Reached XP level 5. HP: 48/53 MP: 4/4
  2132 | D:4      | Noticed Robin
  2185 | D:4      | Killed Robin
  2388 | D:3      | Bought a scroll of blinking for 105 gold pieces
  2488 | D:4      | Noticed a phantom
  2495 | D:4      | Killed a phantom
  2496 | D:4      | Reached skill level 4 in Unarmed Combat
  2496 | D:4      | Reached XP level 6. HP: 55/61 MP: 5/5
  2603 | D:4      | Found an ornate altar of the Wu Jian Council.
  2683 | D:4      | Became a worshipper of the Wu Jian Council
  2740 | D:4      | Found a staircase to the Ecumenical Temple.
  3164 | D:5      | Entered Level 5 of the Dungeon
  3260 | D:5      | You are sucked into a shaft and drop 3 floors!
  3271 | D:8      | Noticed a steam dragon
  3283 | D:8      | Killed a steam dragon
  3284 | D:8      | Reached skill level 5 in Unarmed Combat
  3284 | D:8      | Reached XP level 7. HP: 36/68 MP: 6/6
  3523 | D:6      | Reached skill level 6 in Unarmed Combat
  3563 | D:6      | Reached XP level 8. HP: 78/78 MP: 7/7
  3844 | D:5      | Reached skill level 5 in Shields
  3955 | D:5      | Reached * piety under Wu Jian
  3962 | D:5      | Paralysed by an orc for 3 turns
  4030 | D:5      | Found a broken altar of Ashenzari.
  4031 | D:5      | Found a shimmering blue altar of Sif Muna.
  4035 | D:5      | Found an opulent altar of Gozag.
  4083 | D:5      | Got the Folio of the Tomb
  4240 | D:5      | Reached skill level 7 in Unarmed Combat
  5334 | D:7      | Noticed a hornet
  5339 | D:6      | Killed a hornet
  5340 | D:6      | Reached skill level 5 in Fighting
  5340 | D:6      | Reached skill level 5 in Dodging
  5340 | D:6      | Reached XP level 9. HP: 88/88 MP: 8/8
  5404 | D:7      | Reached ** piety under Wu Jian
  5405 | D:7      | Reached skill level 8 in Unarmed Combat
  5504 | D:7      | Found a shimmering altar of Xom.
  5751 | D:7      | Identified a scroll of acquirement
  5795 | D:8      | Found a one-way gate to the infinite horrors of the Abyss.
  5795 | D:8      | Noticed rotlqkf's ghost (journeyman VSMo)
  5800 | D:8      | Noticed an ancient zyme
  5802 | D:8      | Found a transporter.
  5971 | D:8      | Noticed Amaemon
  5996 | D:8      | Noticed an orange demon
  6000 | D:7      | HP: 1/88 [Amaemon/-2 demon whip of venom (6)]
  6000 | D:7      | Slain by Amaemon

Illustrated notes

Levels and vault maps discovered:
D:1:      minmay_arrival_widening_spiral_wide, layout_loops_ring, serial_shops,
          nicolae_shop_tiny_real_fake_doors, minivault_5
D:2:      layout_rooms, dilly_ecumenical_altar_fadedgnrine, basic_altar,
          nrook_campfire
D:3:      layout_loops_ring, zin_academy, serial_shops, nicolae_shop_rolled_up,
          shop, shop, minivault_24, kennysheep_generic_room_16
D:4:      layout_basic, nzn_wu_jian_council_hall, minmay_temple_entry_fiery,
          uniq_robin
D:5:      layout_loops_corners, minitemple
D:6:      layout_basic, kennysheep_pointless_box
D:7:      layout_basic, general_overflow_altar
D:8:      layout_layer_cave, due_lair_maze_entry_diamond,
          gammafunk_ghost_abyssal_escape, skrybe_limestone_x, uniq_amaemon

Skill      XL: |  1  2  3  4  5  6  7  8  9 |
---------------+----------------------------+-----
Shields        | 3 4 5 |  5.9
Unarmed Combat | 3 4 5 6 7 8 |  8.5
Fighting       | 3 4 5 |  5.3
Dodging        | 3 4 5 |  5.3

Action                     |  1- 3 |  4- 6 |  7- 9 || total
---------------------------+-------+-------+-------++-------
  Melee: Unarmed           |    80 |   150 |   229 ||   459
Ability: Lunge             |       |     6 |    21 ||    27
         Whirlwind         |       |       |     1 ||     1
    Use: Scroll            |       |     8 |     4 ||    12
 Armour: Robe              |    38 |   117 |     6 ||   161
         Steam dragon scal |       |       |    91 ||    91
  Dodge: Dodged            |    24 |    69 |    58 ||   151
  Block: Kite shield       |    21 |    71 |    71 ||   163

Table legend: (Time is in decaauts)
 A = Elapsed time spent in this place.
 B = Non-inter-level travel time spent in this place.
 C = Inter-level travel time spent in this place.
 D = Time resting spent in this place.
 E = Time spent auto-exploring this place.
 F = Levels seen in this place.
 G = Mean time per level.
                   A        B        C        D        E       F      G
               +--------+--------+--------+--------+--------+-----+--------+
         Total |   6018 |   5763 |    255 |    113 |   4475 |   8 |  752.2 |
       Dungeon |   6018 |   5763 |    255 |    113 |   4475 |   8 |  752.2 |
               +--------+--------+--------+--------+--------+-----+--------+

Top non-repeatable levels by time:
     D:6: 1067 daAuts
     D:4: 963 daAuts
     D:3: 896 daAuts
     D:5: 856 daAuts
     D:1: 835 daAuts
     D:7: 587 daAuts
     D:2: 484 daAuts
     D:8: 327 daAuts
